NYP
LOWELL SPINNERS @ CHICAGO (NYP) WHITE SOX
07/09/2048
 
TOP OF THE 1ST
Lowell Spinners batting - Pitching for Chicago (NYP) White Sox : LHP Bobby Dahlgren
Pitching: LHP Bobby Dahlgren
Batting: RHB Aukukero Tairi 0-0: Ball
1-0: SINGLE (Groundball, 4MD, EV 99.4 MPH)
Batting: RHB Xavier Joslin 0-0: Ball
1-0: Swinging Strike
1-1: Foul Ball, location: 2F
1-2: Strikes out swinging
Batting: SHB Salvador Padilla 0-0: Ball
1-0: Ball
2-0: Ball
3-0: Called Strike
3-1: Foul Ball, location: 2F
3-2: Foul Ball, location: 2F
3-2: Foul Ball, location: 2F
3-2: Strikes out looking
Aukukero Tairi is caught stealing 2nd base 2-4
Batter strikes out.
Top of the 1st over - 0 runs, 1 hit, 0 errors, 0 left on base; Lowell 0 - Chicago (NYP) 0
BOTTOM OF THE 1ST
Chicago (NYP) White Sox batting - Pitching for Lowell Spinners : RHP Nherbert Silivan
Pitching: RHP Nherbert Silivan
Batting: SHB Tomas Caldera 0-0: Foul Ball, location: 2F
0-1: Ground out 4-3 (Groundball, 4, EV 85.0 MPH)
Batting: RHB Bastiaan Leenders 0-0: Swinging Strike
0-1: SINGLE (Groundball, 5S, EV 68.1 MPH) (infield hit)
Batting: SHB Veit Geisler 0-0: Called Strike
0-1: Ground out 4-3 (Groundball, 34D, EV 81.9 MPH)
Bastiaan Leenders to second
Batting: RHB Tony Garcia 0-0: Ball
1-0: Foul Ball, location: 2F
1-1: Ball
2-1: Called Strike
2-2: Strikes out swinging
Bottom of the 1st over - 0 runs, 1 hit, 0 errors, 1 left on base; Lowell 0 - Chicago (NYP) 0
TOP OF THE 2ND
Lowell Spinners batting - Pitching for Chicago (NYP) White Sox : LHP Bobby Dahlgren
Batting: RHB Tony Gallegos 0-0: Called Strike
0-1: Foul Ball, location: 2F
0-2: Ball
1-2: Ball
2-2: Strikes out swinging
Batting: RHB Raul Sanchez 0-0: Called Strike
0-1: Ground out 4-3 (Groundball, 34, EV 103.8 MPH)
Batting: RHB Mario Arriero 0-0: Ball
1-0: Called Strike
1-1: Ball
2-1: Ball
3-1: Swinging Strike
3-2: Base on Balls
Batting: RHB Willie Camacho 0-0: Called Strike
0-1: Swinging Strike
0-2: Strikes out swinging
Top of the 2nd over - 0 runs, 0 hits, 0 errors, 1 left on base; Lowell 0 - Chicago (NYP) 0
BOTTOM OF THE 2ND
Chicago (NYP) White Sox batting - Pitching for Lowell Spinners : RHP Nherbert Silivan
Batting: RHB Tyrell Camp 0-0: Hit by Pitch
Batting: SHB Andres Agudo 0-0: Ball
1-0: Swinging Strike
1-1: Called Strike
1-2: Strikes out swinging
Batting: RHB Yorkis Saiki 0-0: Ball
1-0: Foul Ball, location: 2F
1-1: Ball
2-1: Fly out, F9 (Flyball, 9, EV 86.9 MPH)
Batting: RHB Kunimatsu Oya 0-0: Ball
1-0: Swinging Strike
1-1: Ball
2-1: Fielders Choice at 2nd, U6 (Groundball, 6M, EV 80.6 MPH)
Bottom of the 2nd over - 0 runs, 0 hits, 0 errors, 1 left on base; Lowell 0 - Chicago (NYP) 0
TOP OF THE 3RD
Lowell Spinners batting - Pitching for Chicago (NYP) White Sox : LHP Bobby Dahlgren
Batting: LHB Robert Gonzalez 0-0: Bunt missed!
0-1: SINGLE (Groundball, 34D, EV 100.0 MPH)
Batting: RHB Rogelio Cervantes 0-0: Ball
1-0: Ball
2-0: Ball
3-0: Base on Balls
Robert Gonzalez to second
Batting: RHB Aukukero Tairi 0-0: Ball
1-0: Ball
2-0: Ball
3-0: Called Strike
3-1: SINGLE (Groundball, 4D, EV 103.1 MPH)
Robert Gonzalez to third
Rogelio Cervantes to second
Batting: RHB Xavier Joslin 0-0: Called Strike
0-1: Foul Ball, location: 2F
0-2: Foul Ball, location: 2F
0-2: SINGLE (Line Drive, 34D, EV 95.6 MPH)
Robert Gonzalez scores
Rogelio Cervantes to third
Aukukero Tairi to second
Batting: SHB Salvador Padilla 0-0: Called Strike
0-1: Ball
1-1: SINGLE (Line Drive, 4MD, EV 100.0 MPH)
Rogelio Cervantes scores
Aukukero Tairi to third
Xavier Joslin to second
Runner from 3rd tries for Home, SAFE, throw by CF to home
Batting: RHB Tony Gallegos 0-0: Fly out, F4 (Popup, 34, EV 75.0 MPH)
Batting: RHB Raul Sanchez 0-0: Foul Ball, location: 2F
0-1: Foul Ball, location: 2F
0-2: Grounds into double play, 4-6-3 (Groundball, 4, EV 89.4 MPH)
Top of the 3rd over - 3 runs, 4 hits, 0 errors, 1 left on base; Lowell 3 - Chicago (NYP) 0
BOTTOM OF THE 3RD
Chicago (NYP) White Sox batting - Pitching for Lowell Spinners : RHP Nherbert Silivan
Batting: SHB Noah Long 0-0: Foul Ball, location: 2F
0-1: Ball
1-1: Ball
2-1: Ball
3-1: Base on Balls
Batting: SHB Tomas Caldera 0-0: SINGLE (Groundball, 6S, EV 69.4 MPH) (infield hit)
Noah Long to second
Batting: RHB Bastiaan Leenders 0-0: Ball
1-0: Ball
2-0: Called Strike
2-1: Ball
3-1: Foul Ball, location: 2F
3-2: Foul Ball, location: 2F
3-2: SINGLE (Line Drive, 89M, EV 106.2 MPH)
Noah Long to third
Tomas Caldera to second
Batting: SHB Veit Geisler 0-0: Foul Ball, location: 2F
0-1: Ball
1-1: Foul Ball, location: 2F
1-2: Ball
2-2: Ball
3-2: Fielders Choice at 2nd, U6 (Groundball, P, EV 88.8 MPH)
Noah Long scores
Tomas Caldera to third
Batting: RHB Tony Garcia 0-0: Fly out, F7 (Flyball, 7S, EV 76.9 MPH)
Batting: RHB Tyrell Camp 0-0: Ball
1-0: Swinging Strike
1-1: Called Strike
1-2: Foul Ball, location: 2F
1-2: SINGLE (Groundball, 6MD, EV 104.4 MPH)
Tomas Caldera scores
Veit Geisler to second
Batting: SHB Andres Agudo 0-0: Ball
1-0: Ball
2-0: Called Strike
2-1: Ground out 4-3 (Groundball, 34D, EV 101.2 MPH)
Bottom of the 3rd over - 2 runs, 3 hits, 0 errors, 2 left on base; Lowell 3 - Chicago (NYP) 2
TOP OF THE 4TH
Lowell Spinners batting - Pitching for Chicago (NYP) White Sox : LHP Bobby Dahlgren
Batting: RHB Mario Arriero 0-0: Ball
1-0: Swinging Strike
1-1: Ball
2-1: Called Strike
2-2: Ball
3-2: Foul Ball, location: 2F
3-2: Fly out, F7 (Flyball, 7, EV 85.6 MPH)
Batting: RHB Willie Camacho 0-0: Called Strike
0-1: Ball
1-1: Ball
2-1: Ground out 5-3 (Groundball, 56S, EV 88.1 MPH)
Batting: LHB Robert Gonzalez 0-0: SINGLE (Groundball, 6M, EV 89.4 MPH) (infield hit)
Batting: RHB Rogelio Cervantes 0-0: Ball
1-0: Foul Ball, location: 2F
1-1: Called Strike
Robert Gonzalez is caught stealing 2nd base 2-4
Top of the 4th over - 0 runs, 1 hit, 0 errors, 0 left on base; Lowell 3 - Chicago (NYP) 2
BOTTOM OF THE 4TH
Chicago (NYP) White Sox batting - Pitching for Lowell Spinners : RHP Nherbert Silivan
Batting: RHB Yorkis Saiki 0-0: Called Strike
0-1: Swinging Strike
0-2: Ball
1-2: SINGLE (Groundball, 56D, EV 103.8 MPH)
Batting: RHB Kunimatsu Oya 0-0: SINGLE (Line Drive, 6M, EV 94.4 MPH)
Yorkis Saiki to second
Batting: SHB Noah Long 0-0: Ball
1-0: Called Strike
1-1: SINGLE (Line Drive, 7S, EV 85.6 MPH)
Yorkis Saiki to third
Kunimatsu Oya to second
Batting: SHB Tomas Caldera 0-0: Called Strike
0-1: SINGLE (Line Drive, 34, EV 96.9 MPH)
Yorkis Saiki scores
Kunimatsu Oya to third
Noah Long to second
Batting: RHB Bastiaan Leenders 0-0: Ball
1-0: Ball
2-0: Foul Ball, location: 2F
2-1: Swinging Strike
2-2: Strikes out swinging
Batting: SHB Veit Geisler 0-0: Foul Ball, location: 2F
0-1: Ball
1-1: Ball
2-1: Swinging Strike
2-2: Strikes out swinging
Batting: RHB Tony Garcia 0-0: Hit by Pitch
Kunimatsu Oya scores
Noah Long to third
Tomas Caldera to second
Batting: RHB Tyrell Camp 0-0: Called Strike
0-1: SINGLE (Groundball, 6MD, EV 106.9 MPH)
Noah Long scores
Tomas Caldera to third
Tony Garcia to second
Runner from 3rd tries for Home, SAFE, throw by CF to home
Pitching: RHP Jose Abanto
Batting: SHB Andres Agudo 0-0: Swinging Strike
0-1: Called Strike
0-2: Ball
1-2: Strikes out looking
Bottom of the 4th over - 4 runs, 5 hits, 0 errors, 2 left on base; Lowell 3 - Chicago (NYP) 6
TOP OF THE 5TH
Lowell Spinners batting - Pitching for Chicago (NYP) White Sox : LHP Bobby Dahlgren
Batting: RHB Rogelio Cervantes 0-0: Called Strike
0-1: Called Strike
0-2: Ball
1-2: Ball
2-2: Ball
3-2: SINGLE (Groundball, P, EV 98.8 MPH)
Batting: RHB Aukukero Tairi 0-0: Ball
Rogelio Cervantes is caught stealing 2nd base 2-4
1-0: Foul Ball, location: 2F
1-1: Ball
2-1: Called Strike
2-2: Ball
3-2: Fly out, F9 (Flyball, 9D, EV 108.1 MPH)
Batting: RHB Xavier Joslin 0-0: Fly out, F8 (Flyball, 8LD, EV 104.4 MPH)
Top of the 5th over - 0 runs, 1 hit, 0 errors, 0 left on base; Lowell 3 - Chicago (NYP) 6
BOTTOM OF THE 5TH
Chicago (NYP) White Sox batting - Pitching for Lowell Spinners : RHP Jose Abanto
Batting: RHB Yorkis Saiki 0-0: Ball
1-0: Swinging Strike
1-1: Ball
2-1: Ball
3-1: Base on Balls
Batting: RHB Kunimatsu Oya 0-0: Ball
1-0: Ball
2-0: Ball
Wild Pitch!
Yorkis Saiki to second
3-0: Called Strike
3-1: Foul Ball, location: 2F
3-2: Base on Balls
Batting: SHB Noah Long 0-0: Ball
1-0: Ball
2-0: SINGLE (Line Drive, 9S, EV 93.8 MPH)
Yorkis Saiki to third
Kunimatsu Oya to second
Runner from 3rd tries for Home, SAFE, throw by RF to home
Batting: SHB Tomas Caldera 0-0: Ball
1-0: Swinging Strike
1-1: Swinging Strike
1-2: Ball
2-2: Ball
3-2: Foul Ball, location: 2F
3-2: Foul Ball, location: 2F
3-2: Strikes out looking
Batting: RHB Bastiaan Leenders 0-0: Ball
1-0: Ball
2-0: Ball
3-0: Base on Balls
Kunimatsu Oya to third
Noah Long to second
Batting: SHB Veit Geisler 0-0: Called Strike
0-1: Called Strike
0-2: Strikes out swinging
Batting: RHB Tony Garcia 0-0: Called Strike
0-1: Foul Ball, location: 2F
0-2: Strikes out swinging
Bottom of the 5th over - 1 run, 1 hit, 0 errors, 3 left on base; Lowell 3 - Chicago (NYP) 7
TOP OF THE 6TH
Lowell Spinners batting - Pitching for Chicago (NYP) White Sox : LHP Bobby Dahlgren
Batting: SHB Salvador Padilla 0-0: Swinging Strike
0-1: Called Strike
0-2: Ball
1-2: Strikes out swinging
Batting: RHB Tony Gallegos 0-0: Ball
1-0: Ball
2-0: Foul Ball, location: 2F
2-1: DOUBLE (Line Drive, 9LS, EV 91.2 MPH)
Batting: RHB Raul Sanchez 0-0: Called Strike
0-1: Ball
1-1: Ball
2-1: Fly out, F9 (Line Drive, 9, EV 93.8 MPH)
Batting: RHB Mario Arriero 0-0: Ball
1-0: Called Strike
1-1: Ground out 1-3 (Groundball, 25, EV 72.5 MPH)
Top of the 6th over - 0 runs, 1 hit, 0 errors, 1 left on base; Lowell 3 - Chicago (NYP) 7
BOTTOM OF THE 6TH
Chicago (NYP) White Sox batting - Pitching for Lowell Spinners : RHP Jose Abanto
Batting: RHB Tyrell Camp 0-0: Ball
1-0: Called Strike
1-1: Ball
2-1: Ball
3-1: Base on Balls
Batting: SHB Andres Agudo 0-0: Called Strike
0-1: Ball
1-1: Swinging Strike
Pickoff Throw to First - Out! 1-3 CS
1-2: Ball
2-2: Foul Ball, location: 2F
2-2: Strikes out swinging
Batting: RHB Yorkis Saiki 0-0: Ball
1-0: Ball
2-0: Ball
3-0: Base on Balls
Batting: RHB Kunimatsu Oya 0-0: Ball
1-0: Foul Ball, location: 2F
1-1: Foul Ball, location: 2F
1-2: Foul Ball, location: 2F
1-2: Strikes out looking
Bottom of the 6th over - 0 runs, 0 hits, 0 errors, 1 left on base; Lowell 3 - Chicago (NYP) 7
TOP OF THE 7TH
Lowell Spinners batting - Pitching for Chicago (NYP) White Sox : LHP Bobby Dahlgren
Batting: RHB Willie Camacho 0-0: Hit by Pitch
Batting: LHB Robert Gonzalez 0-0: Sac Bunt to 25 - play at first, batter OUT! 5-3
Willie Camacho to second
Batting: RHB Rogelio Cervantes 0-0: Ball
1-0: Ball
2-0: Called Strike
2-1: SINGLE (Line Drive, 7S, EV 103.8 MPH)
Willie Camacho to third
Batting: RHB Aukukero Tairi 0-0: Ball
1-0: Fly out, F7 (Flyball, 7D, EV 101.9 MPH)
Batting: RHB Xavier Joslin 0-0: Foul Ball, location: 2F
0-1: Called Strike
0-2: Foul Ball, location: 2F
0-2: Ball
1-2: Ball
2-2: Foul Ball, location: 2F
2-2: Foul Ball, location: 2F
2-2: Ground out 4-3 (Groundball, 4, EV 88.1 MPH)
Top of the 7th over - 0 runs, 1 hit, 0 errors, 2 left on base; Lowell 3 - Chicago (NYP) 7
BOTTOM OF THE 7TH
Chicago (NYP) White Sox batting - Pitching for Lowell Spinners : RHP Jose Abanto
Pitching: RHP Armando Berrios
Batting: SHB Noah Long 0-0: Ball
1-0: Ball
2-0: Called Strike
2-1: Ball
3-1: Called Strike
3-2: Foul Ball, location: 2F
3-2: Foul Ball, location: 2F
3-2: Foul Ball, location: 2F
3-2: SINGLE (Groundball, 4MD, EV 99.4 MPH)
Batting: SHB Tomas Caldera 0-0: Bunted foul
0-1: Ball
1-1: Ball
2-1: Bunt missed!
2-2: Ball
3-2: Fielders Choice at 2nd, 4-6 (Groundball, 4, EV 98.8 MPH)
Batting: RHB Bastiaan Leenders 0-0: Ball
1-0: Called Strike
1-1: Ball
Tomas Caldera steals 2nd base
2-1: Ground out 2-3 (Groundball, 15S, EV 73.1 MPH)
Tomas Caldera to third
Batting: SHB Veit Geisler 0-0: Called Strike
0-1: Ball
1-1: Hit by Pitch
Batting: RHB Tony Garcia 0-0: Ball
1-0: Ball
2-0: Ball
3-0: Base on Balls
Veit Geisler to second
Batting: RHB Tyrell Camp 0-0: Called Strike
0-1: Fielders Choice at 2nd, 6-4 (Groundball, 6, EV 85.0 MPH)
Bottom of the 7th over - 0 runs, 1 hit, 0 errors, 3 left on base; Lowell 3 - Chicago (NYP) 7
TOP OF THE 8TH
Lowell Spinners batting - Pitching for Chicago (NYP) White Sox : LHP Bobby Dahlgren
Pitching: RHP Mario Arce
Batting: SHB Salvador Padilla 0-0: Called Strike
0-1: SINGLE (Line Drive, 8RS, EV 109.4 MPH)
Batting: RHB Tony Gallegos 0-0: Ball
1-0: Fielders Choice at 2nd, 4-6 (Groundball, 34, EV 84.4 MPH)
Batting: RHB Raul Sanchez 0-0: Swinging Strike
0-1: Ball
1-1: Grounds into double play, 4-6-3 (Groundball, 4S, EV 91.9 MPH)
Top of the 8th over - 0 runs, 1 hit, 0 errors, 0 left on base; Lowell 3 - Chicago (NYP) 7
BOTTOM OF THE 8TH
Chicago (NYP) White Sox batting - Pitching for Lowell Spinners : RHP Armando Berrios
Batting: SHB Andres Agudo 0-0: Ball
1-0: Ball
2-0: Ball
3-0: Called Strike
3-1: Foul Ball, location: 2F
3-2: Foul Ball, location: 2F
3-2: Base on Balls
Pitching: RHP Josiah Russell
Batting: RHB Yorkis Saiki 0-0: Sac Bunt to 23 - play at first, batter OUT! 3-4
Andres Agudo to second
Batting: RHB Kunimatsu Oya 0-0: Called Strike
0-1: Called Strike
0-2: Ball
1-2: Fly out, F3 (Popup, 34, EV 68.1 MPH)
Batting: SHB Noah Long 0-0: Ball
1-0: Ball
2-0: Foul Ball, location: 2F
2-1: Ground out 4-3 (Groundball, 4S, EV 90.0 MPH)
Bottom of the 8th over - 0 runs, 0 hits, 0 errors, 1 left on base; Lowell 3 - Chicago (NYP) 7
TOP OF THE 9TH
Lowell Spinners batting - Pitching for Chicago (NYP) White Sox : RHP Mario Arce
Batting: RHB Mario Arriero 0-0: Swinging Strike
0-1: Swinging Strike
0-2: Strikes out swinging
Batting: RHB Willie Camacho 0-0: Foul Ball, location: 2F
0-1: Ball
1-1: Foul Ball, location: 2F
1-2: Strikes out swinging
Batting: LHB Robert Gonzalez 0-0: Ball
1-0: Ball
2-0: Ground out U3 (Groundball, 3, EV 91.2 MPH)
Top of the 9th over - 0 runs, 0 hits, 0 errors, 0 left on base; Lowell 3 - Chicago (NYP) 7
Tuesday, March 28th , 2023 - OOTP Baseball 23.10 Build 110